 Dungeon Crawl Stone Soup version 0.31-a0-1074-g0b22e4e0f1 (webtiles) character file.

Game seed: 16952685590319107888

378 LeprechaunX the Changeling (level 6, -8/42 HPs)
             Began as an Octopode Shapeshifter on Nov 30, 2023.
             Was an Initiate of Hepliaklqana.
             Mangled by an orc warrior
             ... wielding a +0 trident
              (11 damage)
             ... on level 3 of the Dungeon.
             The game lasted 00:02:43 (2459 turns).

LeprechaunX the Changeling (Octopode Shapeshifter)  Turns: 2459, Time: 00:02:43

Health: -8/42      AC:  1    Str: 13    XL:     6   Next: 74%
Magic:  6/6        EV: 13    Int: 12    God:    Hepliaklqana [......]
Gold:   230        SH:  0    Dex: 14    Spells: 5/5 levels left

rFire   . .          .
                       - Unarmed
rCold   . . .        (no shield)
rNeg    . . .        (helmet currently unavailable)
rPois   .            (no amulet)
rElec   .            (no ring)
rCorr   .            (no ring)
SInv    .            (no ring)
Will    .....        (no ring)
Stlth   ++           (no ring)
HPRegen 0.27/turn    (no ring)
MPRegen 0.10/turn    (no ring)
                     (no ring)

%: no passive effects
@: beast-form
A: beast (slay +3), almost no armour, amphibious, 8 rings, camouflage 1,
gelatinous body 1, (nimble swimmer 1), tentacles
a: Begin Untransformation, Renounce Religion


You were on level 3 of the Dungeon.
You worshipped Hepliaklqana.
Hepliaklqana was noncommittal.
You were a hulking beast.
You visited 1 branch of the dungeon, and saw 4 of its levels.

You collected 230 gold pieces.

Inventory:

Hand Weapons
 k - a +0 sling
Jewellery
 m - a ring of ice
Talismans
 b - a beast talisman
 c - a flux talisman
Wands
 l - a wand of iceblast (7)
Scrolls
 d - 4 scrolls of identify {unknown}
 e - a scroll of enchant weapon {unknown}
 f - a scroll of fear {unknown}
 g - a scroll of silence {unknown}
 h - 2 scrolls of teleportation {unknown}
 n - a scroll of amnesia {unknown}
Potions
 a - a potion of lignification
 i - 2 potions of curing {unknown}
 j - a potion of enlightenment {unknown}
 o - 2 potions of mutation {unknown}


   Skills:
 + Level 3.2 Fighting
 - Level 2.0 Dodging
 + Level 4.4 Unarmed Combat
 + Level 0.1 Evocations
 * Level 5.2 Shapeshifting


You had 5 spell levels left.
You didn't know any spells.
Your spell library was empty.

Dungeon Overview and Level Annotations

Branches:
Dungeon (4/15)
 Temple: D:4-7

Altars:
Hepliaklqana


Innate Abilities, Weirdness & Mutations

You are a hulking beast.
Your limbs bulge with bestial killing power. (Slay +3)
You cannot wear most types of armour.
You are amphibious.
You can wear up to eight rings at the same time.
Your skin changes colour to match your surroundings (Stealth+).
Your rubbery body absorbs attacks. (AC +1, EV +1)
((You are camouflaged when in or above water. (Stealth+)))
You have tentacles for arms and can constrict up to eight enemies at once.


Message History

There are monsters nearby!
The quokka bites you.
You climb upwards.
There is a stone staircase leading down here.
Unknown command.
You tentacle-slap the orc warrior. You grab the orc warrior.
You squeeze the orc warrior, but do no damage.
The orc warrior is moderately wounded.
You constrict the orc warrior, but do no damage.
The quokka closely misses you.
Unknown command.
You tentacle-slap the orc warrior. You squeeze the orc warrior.
The orc warrior is heavily wounded.
You constrict the orc warrior, but do no damage.
The orc warrior hits you with a +0 trident!!
The quokka bites you.
Unknown command.
You completely miss the orc warrior.
The orc warrior is heavily wounded.
You constrict the orc warrior. The orc warrior misses you.
The quokka twitches its whiskers.
The quokka barely misses you.
Unknown command.
You tentacle-slap the orc warrior. You squeeze the orc warrior.
The orc warrior is severely wounded.
You constrict the orc warrior.
The orc warrior hits you with a +0 trident!
* * * LOW HITPOINT WARNING * * *
The quokka barely misses you.
You tentacle-slap the orc warrior but do no damage.
The orc warrior is severely wounded.
You constrict the orc warrior. The quokka barely misses you.
The orc warrior barely misses you.
Unknown command.
You tentacle-slap the orc warrior but do no damage.
The orc warrior is almost dead.
You constrict the orc warrior. The quokka bites you.
* * * LOW HITPOINT WARNING * * *
The orc warrior hits you with a +0 trident!
You die...

##.#..........# #..#
#.......####.# #..#
##.#.....# #.# #..#
...###.#.####.####..#
.### #.#.##.....[...#
## #......#.##.####
##.#####.##.#
####.####.#.#r#
#........###.h#
#.##.##.#...#o#
#.#.........#.##
#....§≈.§≈.)...#
#..≈.§≈.≈..≈...# #
#..≈≈.....≈≈...# #
#......_......##
####.§§§.....§≈..#
.....§≈.§≈.≈..≈..#


You could see an orc warrior and a quokka.

Vanquished Creatures
  Sigmund (D:2)
  A hound (D:2)
  Ijyb (D:3)
  Natasha (thrice) (D:2)
  A gnoll (D:1)
  An adder (D:3)
  3 worms (D:2)
  2 dart slugs (D:2)
  An orc (D:3)
  3 ball pythons
  3 endoplasms
  2 giant cockroaches
  3 goblins
  5 hobgoblins
  3 jackals (D:1)
  4 kobolds
  4 quokkas
  4 bats
  3 frilled lizards
  6 rats
54 creatures vanquished.

Notes
Turn   | Place    | Note
-------+----------+-------------------------------------------
     0 | D:1      | LeprechaunX the Octopode Shapeshifter began the quest for
                  | the Orb.
     0 | D:1      | Reached XP level 1. HP: 13/13 MP: 1/1
   200 | D:1      | Reached XP level 2. HP: 18/18 MP: 2/2
   447 | D:1      | Reached XP level 3. HP: 23/23 MP: 3/3
  1053 | D:2      | Noticed Natasha
  1060 | D:2      | Killed Natasha
  1061 | D:2      | Reached XP level 4. HP: 28/29 MP: 4/4
  1080 | D:2      | Noticed Natasha
  1088 | D:2      | Killed Natasha
  1089 | D:2      | Reached skill level 4 in Shapeshifting
  1112 | D:2      | Noticed Natasha
  1115 | D:2      | Killed Natasha
  1116 | D:2      | Reached XP level 5. HP: 17/35 MP: 5/5
  1725 | D:2      | Noticed Sigmund
  1731 | D:2      | Killed Sigmund
  1732 | D:2      | Reached skill level 5 in Shapeshifting
  1732 | D:2      | Reached XP level 6. HP: 41/42 MP: 6/6
  1761 | D:2      | Found a faded altar of an unknown god.
  1847 | D:3      | Noticed Ijyb
  1851 | D:3      | Killed Ijyb
  1888 | D:3      | Found a hazy altar of Hepliaklqana.
  1978 | D:3      | Became a worshipper of Hepliaklqana the Forgotten
  2451 | D:4      | Noticed an orc warrior
  2459 | D:3      | Mangled by an orc warrior

Illustrated notes

Levels and vault maps discovered:
D:1:      nzn_arrival_depleted_hourglass, layout_loops_ring
D:2:      layout_basic, shapermc_ecumenical_altar_petra, uniq_natasha,
          uniq_sigmund
D:3:      layout_loops_ring, mainiacjoe_overflow_small_starburst,
          chequers_serial_rivers_micro_c, minmay_misc_feat_room, uniq_ijyb
D:4:      layout_cave_pools, mainiacjoe_overflow_chevrons,
          nicolae_uskayaw_dance_hall, grunt_temple_overflow_forces_of_nature,
          serial_shops, shop, nicolae_shop_tiny_waterfront, dreamdust_gnoll_farm

Skill      XL: |  1  2  3  4  5 |
---------------+----------------+-----
Fighting       | 2 3 |  3.2
Shapeshifting  | 4 5 |  5.2
Unarmed Combat | 4 |  4.4
Dodging        | |  2.0
Evocations     | |  0.1

Action                     |  1- 3 |  4- 6 || total
---------------------------+-------+-------++-------
  Melee: Unarmed           |    52 |    65 ||   117
         Constrict         |    12 |    16 ||    28
         Tentacles         |     9 |    13 ||    22
         Punch             |     2 |     3 ||     5
   Stab: Sleeping          |     4 |     8 ||    12
 Armour: Skin              |    11 |    21 ||    32
  Dodge: Dodged            |    26 |    38 ||    64

Table legend: (Time is in decaauts)
 A = Elapsed time spent in this place.
 B = Non-inter-level travel time spent in this place.
 C = Inter-level travel time spent in this place.
 D = Time resting spent in this place.
 E = Time spent auto-exploring this place.
 F = Levels seen in this place.
 G = Mean time per level.
                   A        B        C        D        E       F      G
               +--------+--------+--------+--------+--------+-----+--------+
         Total |   2459 |   2294 |    165 |     12 |   1938 |   4 |  614.8 |
       Dungeon |   2459 |   2294 |    165 |     12 |   1938 |   4 |  614.8 |
               +--------+--------+--------+--------+--------+-----+--------+

Top non-repeatable levels by time:
     D:2: 910 daAuts
     D:1: 875 daAuts
     D:3: 672 daAuts
     D:4: 1 daAuts
